[ PARTIDA AOE2 · #495007998 ]
UnrankedWu vs Huns
[ ANÁLISIS DE REPETICIÓN · EXTRAÍDO DE LA PARTIDA GRABADA ]
Feudal
9:32
Castillos
—
Imperial
—
| APM promedio | 37.7 |
| APM pico | 69 |
| eAPM promedio | 13.9 |
| Aldeanos / militares | 42 / 15 |
Foco
⚔️ 22.3% · 🌾 77.7%
Militia ×15
Feudal
9:42
Castillos
—
Imperial
—
| APM promedio | 38.8 |
| APM pico | 61 |
| eAPM promedio | 16.3 |
| Aldeanos / militares | 32 / 46 |
Foco
⚔️ 28.4% · 🌾 71.6%
Skirmisher ×26 · Spearman ×20
Feudal
8:01
Castillos
—
Imperial
—
| APM promedio | 65.7 |
| APM pico | 92 |
| eAPM promedio | 20.7 |
| Aldeanos / militares | 48 / 19 |
Foco
⚔️ 27.6% · 🌾 72.4%
Scout Cavalry ×19
Feudal
9:46
Castillos
—
Imperial
—
| APM promedio | 56.3 |
| APM pico | 115 |
| eAPM promedio | 19.4 |
| Aldeanos / militares | 39 / 8 |
Foco
⚔️ 21.3% · 🌾 78.7%
Archer ×8
Mapa de la partida
Recursos iniciales + cada clic de construcción. Líneas = muros · curvas = relieve. ◆ oro · ⬟ piedra · ● bayas · ✦ reliquia · ◌ hueco del cierre
Tu base· Abierta — flanco sin cerrar
Base de deju30· Abierta — flanco sin cerrar
Base de JackNighT· Abierta — flanco sin cerrar
Base de Community· Abierta — flanco sin cerrar
Terreno inicial suavizado · ◌ = hueco del cierre detectado · pasá el cursor para detalles
Inputs por minuto
— [AJJRR] Minillop - - deju30
Build order — [AJJRR] Minillop
94 acciones detectadas en el replay
| 0:00 | Crear | Villager (Male) |
| 0:01 | Crear | Villager (Male) |
| 0:02 | Construir | House |
| 0:04 | Construir | House |
| 0:26 | Crear | Villager (Male) |
| 0:26 | Crear | Villager (Male) |
| 1:25 | Crear | Villager (Male) |
| 1:53 | Construir | Lumber Camp |
| 2:10 | Crear | Villager (Male) |
| 2:11 | Crear | Villager (Male) |
| 2:23 | Crear | Villager (Male) |
| 2:54 | Crear | Villager (Male) |
| 3:06 | Crear | Villager (Male) |
| 3:26 | Crear | Villager (Male) |
| 3:34 | Construir | House |
| 4:04 | Crear | Villager (Male) |
| 4:05 | Crear | Villager (Male) |
| 4:25 | Crear | Villager (Male) |
| 4:28 | Construir | Mill |
| 5:15 | Investigar | Loom |
| 5:27 | Crear | Villager (Male) |
| 5:28 | Crear | Villager (Male) |
| 5:28 | Crear | Villager (Male) |
| 5:48 | Crear | Villager (Male) |
| 5:48 | Crear | Villager (Male) |
| 6:08 | Construir | Barracks |
| 6:40 | Crear | Villager (Male) |
| 6:40 | Crear | Villager (Male) |
| 7:22 | Investigar | Feudal Age |
| 7:32 | Construir | Mining Camp |
| 7:42 | Crear | Militia |
| 7:43 | Crear | Militia |
| 7:46 | Construir | House |
| 7:58 | Crear | Militia |
| 8:29 | Crear | Militia |
| 9:11 | Crear | Villager (Male) |
| 9:12 | Crear | Villager (Male) |
| 9:32 | Edad | Edad Feudal |
| 9:36 | Investigar | Man-at-Arms (upgrade) |
| 10:04 | Crear | Militia |
| 10:04 | Crear | Militia |
| 10:23 | Crear | Villager (Male) |
| 10:23 | Crear | Villager (Male) |
| 10:26 | Construir | House |
| 10:28 | Construir | House |
| 10:33 | Construir | Farm |
| 10:33 | Construir | Farm |
| 10:34 | Construir | Farm |
| 10:34 | Construir | Farm |
| 10:35 | Construir | Farm |
| 11:17 | Crear | Militia |
| 11:18 | Crear | Militia |
| 11:40 | Crear | Militia |
| 11:41 | Crear | Villager (Male) |
| 11:41 | Crear | Villager (Male) |
| 11:46 | Construir | Farm |
| 11:46 | Construir | Farm |
| 11:46 | Construir | Farm |
| 12:02 | Crear | Militia |
| 12:46 | Investigar | Arson |
| 13:06 | Crear | Militia |
| 13:07 | Crear | Villager (Male) ×3 |
| 13:18 | Construir | Mill |
| 14:04 | Crear | Militia |
| 14:04 | Crear | Militia |
| 14:09 | Construir | Farm |
| 14:09 | Construir | Farm |
| 14:16 | Construir | House |
| 14:17 | Construir | House |
| 14:18 | Construir | House |
| 14:23 | Crear | Villager (Male) |
| 14:48 | Crear | Villager (Male) |
| 14:48 | Crear | Villager (Male) |
| 15:22 | Crear | Militia |
| 15:22 | Crear | Militia |
| 15:30 | Crear | Villager (Male) |
| 15:30 | Crear | Villager (Male) |
| 15:31 | Crear | Villager (Male) |
| 15:37 | Construir | Farm |
| 15:38 | Construir | Farm |
| 15:38 | Construir | Farm |
| 15:40 | Investigar | Horse Collar |
| 16:10 | Investigar | Double-Bit Axe |
| 17:29 | Crear | Villager (Male) |
| 17:29 | Crear | Villager (Male) |
| 17:44 | Crear | Villager (Male) |
| 17:45 | Crear | Villager (Male) |
| 18:10 | Construir | Farm |
| 18:20 | Construir | Market |
| 18:22 | Construir | Blacksmith |
| 18:26 | Crear | Villager (Male) |
| 18:27 | Crear | Villager (Male) |
| 19:29 | Investigar | Castle Age |
| 19:52 | Construir | Barracks |
Build order — deju30
108 acciones detectadas en el replay
| 0:01 | Crear | Villager (Male) |
| 0:01 | Crear | Villager (Male) |
| 0:02 | Construir | House |
| 0:03 | Construir | House |
| 0:14 | Crear | Villager (Male) |
| 0:14 | Crear | Villager (Male) |
| 0:17 | Crear | Villager (Male) |
| 1:24 | Crear | Villager (Male) |
| 1:24 | Investigar | Loom |
| 1:51 | Construir | Lumber Camp |
| 1:52 | Crear | Villager (Male) |
| 2:08 | Crear | Villager (Male) |
| 3:03 | Crear | Villager (Male) |
| 3:03 | Crear | Villager (Male) |
| 3:14 | Construir | House |
| 3:43 | Construir | Mill |
| 3:44 | Crear | Villager (Male) |
| 4:11 | Crear | Villager (Male) |
| 4:33 | Construir | House |
| 5:08 | Crear | Villager (Male) |
| 5:28 | Crear | Villager (Male) |
| 5:32 | Crear | Villager (Male) |
| 5:46 | Crear | Villager (Male) |
| 6:02 | Crear | Villager (Male) |
| 7:10 | Crear | Villager (Male) |
| 7:38 | Investigar | Feudal Age |
| 9:11 | Construir | Barracks |
| 9:36 | Crear | Villager (Male) |
| 9:37 | Crear | Villager (Male) |
| 9:42 | Edad | Edad Feudal |
| 9:44 | Crear | Villager (Male) |
| 10:09 | Construir | Archery Range |
| 10:10 | Crear | Spearman |
| 10:10 | Crear | Spearman |
| 10:10 | Crear | Spearman |
| 10:13 | Crear | Villager (Male) |
| 10:33 | Crear | Villager (Male) |
| 10:37 | Construir | House |
| 10:45 | Construir | Archery Range |
| 10:52 | Crear | Skirmisher |
| 10:59 | Crear | Skirmisher |
| 11:12 | Crear | Skirmisher |
| 11:14 | Crear | Villager (Male) |
| 11:24 | Construir | House |
| 11:51 | Crear | Villager (Male) |
| 11:59 | Crear | Skirmisher |
| 12:00 | Construir | House |
| 12:01 | Construir | House |
| 12:04 | Crear | Skirmisher |
| 12:04 | Crear | Skirmisher |
| 12:25 | Construir | House |
| 12:56 | Construir | Watch Tower |
| 13:08 | Crear | Skirmisher |
| 13:16 | Construir | Watch Tower |
| 13:56 | Crear | Skirmisher |
| 14:03 | Construir | Farm |
| 14:04 | Construir | Farm |
| 14:05 | Construir | Farm |
| 14:06 | Construir | Farm |
| 15:05 | Crear | Spearman |
| 15:05 | Crear | Spearman |
| 15:16 | Construir | Farm |
| 15:16 | Construir | Farm |
| 15:17 | Construir | Farm |
| 15:26 | Crear | Skirmisher |
| 15:27 | Crear | Skirmisher |
| 15:49 | Crear | Spearman |
| 16:03 | Crear | Spearman |
| 16:09 | Construir | Farm |
| 16:11 | Construir | Farm |
| 16:11 | Construir | Farm |
| 16:12 | Crear | Villager (Male) |
| 16:32 | Crear | Spearman |
| 16:32 | Crear | Spearman |
| 16:48 | Crear | Spearman |
| 17:26 | Crear | Skirmisher |
| 17:26 | Crear | Skirmisher |
| 17:27 | Crear | Skirmisher |
| 17:27 | Crear | Skirmisher |
| 17:32 | Crear | Villager (Male) |
| 17:32 | Crear | Villager (Male) |
| 17:51 | Crear | Skirmisher |
| 17:52 | Crear | Spearman |
| 18:37 | Crear | Spearman |
| 18:37 | Crear | Spearman |
| 18:38 | Crear | Skirmisher |
| 18:38 | Crear | Skirmisher |
| 18:39 | Crear | Skirmisher |
| 18:39 | Crear | Skirmisher |
| 18:41 | Crear | Villager (Male) |
| 18:44 | Construir | Farm |
| 18:55 | Crear | Spearman |
| 18:55 | Crear | Skirmisher |
| 19:37 | Crear | Skirmisher |
| 19:37 | Crear | Skirmisher |
| 19:38 | Crear | Skirmisher |
| 19:38 | Crear | Spearman |
| 19:38 | Crear | Spearman |
| 19:39 | Crear | Spearman |
| 20:34 | Crear | Skirmisher |
| 20:34 | Crear | Skirmisher |
| 20:35 | Crear | Skirmisher |
| 20:35 | Crear | Spearman |
| 20:35 | Crear | Spearman |
| 20:51 | Crear | Spearman |
| 20:52 | Crear | Villager (Male) |
| 20:52 | Crear | Villager (Male) |
| 20:53 | Crear | Villager (Male) |
Build order — JackNighT
100 acciones detectadas en el replay
| 0:00 | Crear | Villager (Male) |
| 0:01 | Crear | Villager (Male) |
| 0:05 | Crear | Villager (Male) |
| 0:06 | Crear | Villager (Male) |
| 1:12 | Crear | Villager (Male) |
| 1:45 | Crear | Villager (Male) |
| 1:47 | Construir | Lumber Camp |
| 2:01 | Crear | Villager (Male) |
| 2:36 | Crear | Villager (Male) |
| 3:08 | Crear | Villager (Male) |
| 3:11 | Crear | Villager (Male) |
| 3:47 | Crear | Villager (Male) |
| 4:24 | Crear | Villager (Male) |
| 4:25 | Crear | Villager (Male) |
| 5:00 | Investigar | Loom |
| 5:04 | Construir | Mill |
| 5:50 | Investigar | Feudal Age |
| 6:54 | Crear | Villager (Male) |
| 7:10 | Construir | Barracks |
| 8:01 | Edad | Edad Feudal |
| 8:02 | Construir | Stable |
| 8:19 | Crear | Villager (Male) |
| 8:35 | Crear | Villager (Male) |
| 8:43 | Crear | Scout Cavalry |
| 8:43 | Crear | Scout Cavalry |
| 8:53 | Construir | Farm |
| 8:55 | Construir | Farm |
| 9:05 | Investigar | Double-Bit Axe |
| 9:12 | Crear | Villager (Male) |
| 9:26 | Crear | Villager (Male) |
| 9:35 | Construir | Farm |
| 10:00 | Crear | Villager (Male) |
| 10:03 | Construir | Farm |
| 10:31 | Crear | Villager (Male) |
| 10:34 | Construir | Farm |
| 10:39 | Construir | Farm |
| 10:41 | Crear | Villager (Male) |
| 10:44 | Construir | Farm |
| 10:59 | Construir | Farm |
| 11:14 | Crear | Villager (Male) |
| 11:37 | Crear | Villager (Male) |
| 11:45 | Construir | Farm |
| 11:46 | Construir | Farm |
| 11:51 | Crear | Villager (Male) |
| 11:56 | Construir | Farm |
| 11:57 | Construir | Farm |
| 12:16 | Crear | Villager (Male) |
| 12:19 | Crear | Scout Cavalry |
| 12:30 | Crear | Villager (Male) |
| 12:43 | Crear | Villager (Male) |
| 12:56 | Crear | Villager (Male) |
| 12:58 | Construir | Farm |
| 12:59 | Construir | Farm |
| 13:10 | Crear | Scout Cavalry |
| 13:26 | Crear | Villager (Male) |
| 13:33 | Crear | Villager (Male) |
| 13:45 | Crear | Villager (Male) |
| 13:48 | Construir | Farm |
| 13:48 | Construir | Farm |
| 14:06 | Construir | Farm |
| 14:17 | Crear | Scout Cavalry |
| 14:28 | Crear | Villager (Male) |
| 14:39 | Crear | Scout Cavalry |
| 14:57 | Crear | Villager (Male) |
| 15:10 | Crear | Scout Cavalry |
| 15:12 | Crear | Villager (Male) |
| 15:41 | Crear | Scout Cavalry |
| 15:42 | Crear | Villager (Male) |
| 16:04 | Construir | Lumber Camp |
| 16:13 | Crear | Scout Cavalry |
| 16:17 | Crear | Villager (Male) |
| 16:24 | Crear | Villager (Male) |
| 16:35 | Crear | Villager (Male) |
| 16:40 | Construir | Farm |
| 16:46 | Crear | Scout Cavalry |
| 17:05 | Crear | Scout Cavalry |
| 17:22 | Crear | Scout Cavalry |
| 17:25 | Construir | Blacksmith |
| 17:33 | Crear | Scout Cavalry |
| 17:40 | Crear | Scout Cavalry |
| 17:42 | Crear | Villager (Male) |
| 17:49 | Construir | Farm |
| 18:02 | Crear | Scout Cavalry |
| 18:09 | Crear | Villager (Male) |
| 18:38 | Crear | Villager (Male) |
| 18:40 | Crear | Scout Cavalry |
| 18:50 | Construir | Farm |
| 18:50 | Construir | Farm |
| 18:52 | Construir | Farm |
| 18:55 | Crear | Scout Cavalry |
| 19:00 | Crear | Villager (Male) |
| 19:23 | Crear | Scout Cavalry |
| 19:25 | Crear | Villager (Male) |
| 19:27 | Construir | Farm |
| 19:42 | Crear | Scout Cavalry |
| 19:52 | Crear | Villager (Male) |
| 19:59 | Crear | Villager (Male) |
| 20:11 | Crear | Villager (Male) |
| 20:32 | Crear | Villager (Male) |
| 20:47 | Crear | Villager (Male) |
Build order — Community
79 acciones detectadas en el replay
| 0:01 | Crear | Villager (Male) |
| 0:01 | Crear | Villager (Male) |
| 0:02 | Construir | House |
| 0:03 | Construir | House |
| 0:18 | Crear | Villager (Male) |
| 0:19 | Crear | Villager (Male) |
| 1:24 | Crear | Villager (Male) |
| 1:24 | Crear | Villager (Male) |
| 2:08 | Crear | Villager (Male) |
| 2:09 | Crear | Villager (Male) |
| 2:20 | Construir | Lumber Camp |
| 2:36 | Crear | Villager (Male) |
| 3:17 | Crear | Villager (Male) |
| 3:45 | Crear | Villager (Male) |
| 4:08 | Crear | Villager (Male) |
| 4:18 | Construir | House |
| 4:36 | Crear | Villager (Male) |
| 4:37 | Crear | Villager (Male) |
| 4:56 | Crear | Villager (Male) |
| 4:56 | Crear | Villager (Male) |
| 5:56 | Crear | Villager (Male) |
| 5:56 | Crear | Villager (Male) |
| 5:57 | Crear | Villager (Male) |
| 5:57 | Crear | Villager (Male) |
| 5:57 | Crear | Villager (Male) |
| 6:07 | Construir | Mining Camp |
| 6:58 | Investigar | Loom |
| 7:36 | Investigar | Feudal Age |
| 8:25 | Construir | Mill |
| 9:20 | Construir | House |
| 9:34 | Construir | Barracks |
| 9:46 | Edad | Edad Feudal |
| 9:52 | Crear | Villager (Male) |
| 9:52 | Crear | Villager (Male) |
| 10:20 | Construir | House |
| 10:22 | Construir | House |
| 10:23 | Construir | Palisade Wall |
| 11:19 | Crear | Villager (Male) |
| 11:30 | Construir | Archery Range |
| 11:39 | Construir | Farm |
| 11:39 | Construir | Farm |
| 11:59 | Crear | Villager (Male) |
| 12:00 | Crear | Villager (Male) |
| 12:21 | Construir | Farm |
| 12:23 | Construir | Farm |
| 12:32 | Construir | Palisade Wall |
| 12:36 | Construir | House |
| 12:50 | Crear | Villager (Male) |
| 12:50 | Crear | Villager (Male) |
| 12:53 | Crear | Archer |
| 12:53 | Crear | Archer |
| 12:59 | Construir | Farm |
| 13:02 | Construir | Farm |
| 13:20 | Construir | Farm |
| 13:58 | Crear | Archer |
| 13:58 | Crear | Archer |
| 14:15 | Construir | Farm |
| 14:32 | Crear | Villager (Male) |
| 14:51 | Crear | Archer |
| 15:28 | Construir | House |
| 15:37 | Crear | Villager (Male) |
| 15:37 | Crear | Villager (Male) |
| 16:23 | Crear | Archer |
| 16:32 | Crear | Archer |
| 16:39 | Crear | Villager (Male) |
| 16:43 | Crear | Villager (Male) |
| 18:05 | Crear | Archer |
| 18:10 | Crear | Villager (Male) |
| 18:10 | Crear | Villager (Male) |
| 18:30 | Construir | Palisade Wall |
| 18:48 | Construir | Blacksmith |
| 18:53 | Construir | House |
| 19:24 | Crear | Villager (Male) |
| 19:25 | Crear | Villager (Male) |
| 19:42 | Construir | House |
| 19:56 | Crear | Villager (Male) |
| 19:56 | Crear | Villager (Male) |
| 20:18 | Construir | Market |
| 20:59 | Construir | Palisade Wall |
Cronología de la partida
| 6:08 | [AJJRR] Minillop · first_building Barracks |
| 7:10 | JackNighT · first_building Barracks |
| 8:01 | JackNighT · age_up feudal |
| 8:02 | JackNighT · first_building Stable |
| 9:11 | deju30 · first_building Barracks |
| 9:32 | [AJJRR] Minillop · age_up feudal |
| 9:34 | Community · first_building Barracks |
| 9:42 | deju30 · age_up feudal |
| 9:46 | Community · age_up feudal |
| 10:09 | deju30 · first_building Archery Range |
| 10:23 | Community · wall_segment Palisade Wall x1 |
| 11:30 | Community · first_building Archery Range |
| 12:32 | Community · wall_segment Palisade Wall x1 |
| 18:30 | Community · wall_segment Palisade Wall x1 |
| 19:01 | [AJJRR] Minillop · first_market_buy 100 food |
| 20:59 | Community · wall_segment Palisade Wall x1 |
| 21:08 | JackNighT · resign |
[ ANÁLISIS IA · 1 CRÉDITO ]
¿Qué pasó realmente en esta partida?
Wolo.gg analiza cada decisión: build order, eco, micro, errores típicos por bracket. Análisis personalizado por WhatsApp o Discord en 30 segundos.
Guía civ
Wu
Perfil
Jugador #4468699